 Dungeon Crawl Stone Soup version 0.31.0-12-g77e489cdc1 (webtiles) character file.

Game seed: 6794453243589761997

13 Doomgape the Trooper (level 2, 0/28 HPs)
             Began as a Gargoyle Fighter on Feb 18, 2024.
             Slain by Terence
             ... wielding a +0 hand axe of freezing
              (3 damage)
             ... on level 2 of the Dungeon.
             The game lasted 00:00:48 (816 turns).

Doomgape the Trooper (Gargoyle Fighter)              Turns: 816, Time: 00:00:48

Health: 0/28       AC:  9    Str: 19    XL:     2   Next: 37%
Magic:  2/2        EV:  9    Int:  8    God:
Gold:   63         SH:  4    Dex:  9    Spells: 1/1 levels left

rFire   . . .        a - +0 flail
rCold   . . .        c - +0 buckler
rNeg    + . .        b - +0 scale mail
rPois   ∞            (no helmet)
rElec   +            (no cloak)
rCorr   .            (no gloves)
SInv    .            (no boots)
Will    .....        (no amulet) Stlth
                     (no ring)
HPRegen 0.24/turn    (no ring)
MPRegen 0.08/turn

%: no passive effects
@: berserking, very quick
A: sickness immunity, AC +2, negative energy resistance 1, electricity
resistance, torment resistance 1, petrification resistance
a: no special abilities


You were on level 2 of the Dungeon.
You visited 1 branch of the dungeon, and saw 2 of its levels.

You collected 63 gold pieces.

Inventory:

Hand Weapons
 a - a +0 flail (weapon)
Armour
 b - a +0 scale mail (worn)
 c - a +0 buckler (worn)
Scrolls
 g - a scroll of teleportation {unknown}
 j - a scroll of summoning {unknown}
Potions
 d - 2 potions of might
 f - a potion of brilliance {unknown}
 h - a potion of curing {unknown}
 i - a potion of haste {unknown}


   Skills:
 + Level 3.5 Fighting
 + Level 2.2 Maces & Flails
 + Level 3.5 Armour
 + Level 3.5 Shields


You had one spell level left.
You didn't know any spells.
Your spell library contained the following spells:

 Spells                   Type           Power      Damage    Failure   Level
 Inner Flame              Hex/Fire       0%         N/A       99%         3
 Flame Wave               Conj/Fire      0%         2d4       100%        4
 Sticky Flame             Fire/Alch      0%         2d4       100%        4


Dungeon Overview and Level Annotations

Branches:
Dungeon (2/15)

Altars:

Annotations:
D:2 Terence


Innate Abilities, Weirdness & Mutations

You are immune to sickness and miasma.
Your stone body is resilient. (AC +2)
You are immune to poison.
You resist negative energy. (rN+)
You are resistant to electric shocks. (rElec)
You are resistant to unholy torment.
You are immune to petrification.


Message History

You see here a +0 pair of boots.
Found a stone staircase leading down.
No target in view!
No target in view!
Done exploring.
No target in view!
No target in view!
Done exploring.
There is a stone staircase leading down here.
You climb downwards.
Terence shouts!
Found a sling and 7 gold pieces.
Found a stone staircase leading down.
There is a stone staircase leading up here.
You closely miss Terence.
Terence hits you with a +0 hand axe of freezing.
Terence freezes you.
You closely miss Terence. Terence closely misses you.
You hit Terence.
Terence is lightly wounded.
Terence barely misses you.
You hit Terence but do no damage.
Terence is lightly wounded.
Terence screams, "I'm going to kill you!"
Terence hits you with a +0 hand axe of freezing.
Terence freezes you. Terence barely misses you.
You thump Terence!
Terence is heavily wounded.
Terence hits you with a +0 hand axe of freezing.
* * * LOW HITPOINT WARNING * * *
Terence freezes you.
* * * LOW HITPOINT WARNING * * *
Unknown command.
It was a potion of berserk rage.
A red film seems to cover your vision as you go berserk!
You feel yourself moving faster!
You feel mighty! Terence barely misses you.
You hit Terence.
Terence is severely wounded.
Terence hits you with a +0 hand axe of freezing.
You die...
Terence says, "That felt goooood."

##### ....#
.....# ...... #
####.....#
.##.##.........
...)........#
#.@.# #.@.#
#..$# #...#
#...> ..#.## ##
.# .#


You could see Terence.

Vanquished Creatures
  A dart slug (D:1)
  3 endoplasms (D:1)
  A giant cockroach (D:1)
  A goblin (D:1)
  A hobgoblin (D:1)
  A frilled lizard (D:1)
  A kobold (D:1)
  A rat (D:1)
10 creatures vanquished.

Notes
Turn   | Place    | Note
-------+----------+-------------------------------------------
     0 | D:1      | Doomgape the Gargoyle Fighter began the quest for the Orb.
     0 | D:1      | Reached XP level 1. HP: 14/14 MP: 1/1
   242 | D:1      | Reached XP level 2. HP: 19/19 MP: 2/2
   809 | D:2      | Noticed Terence
   816 | D:2      | Slain by Terence

Illustrated notes

Levels and vault maps discovered:
D:1:      ncdulo_wetmaze, layout_basic, wander_ebering_terrifying_dragon_lair
D:2:      layout_loops_ring, shapermc_ecumenical_altar_mp_ritualfount,
          patterned_corridor, uniq_terence

Action                     || total
---------------------------++-------
  Melee: Flail             ||    40
    Use: Potion            ||     1
 Armour: Scale mail        ||    19
  Dodge: Dodged            ||    18
  Block: Buckler           ||     7
